 Dungeon Crawl Stone Soup version 0.30.0-18-gc0e69614cb (webtiles) character file.

Game seed: 9962542536819610373

48 monsoonserge the Ruffian (level 3, -1/30 HPs)
             Began as a Ghoul Gladiator on May 24, 2023.
             Slain by an adder (3 damage)
             ... on level 2 of the Dungeon.
             The game lasted 00:02:10 (1068 turns).

monsoonserge the Ruffian (Ghoul Gladiator)          Turns: 1068, Time: 00:02:11

Health: -1/30      AC:  4    Str: 19    XL:     3   Next: 72%
Magic:  2/2        EV: 11    Int:  3    God:
Gold:   24         SH:  3    Dex: 10    Spells: 2/2 levels left

rFire   . .          .
                       - Unarmed
rCold   + . .        f - +0 buckler
rNeg    + + +        a - +0 leather armour
rPois   ∞            b - +0 helmet
rElec   .            (no cloak)
rCorr   .            (no gloves)
SInv    .            (no boots)
Will    .....        (no amulet)
Stlth   +            (no ring)
HPRegen 0.00/turn    (no ring)
MPRegen 0.08/turn

%: no passive effects
@: inhibited regen
A: claws 1, cold resistance 1, negative energy resistance 3, inhibited
regeneration, torment resistance 2, devour on kill
a: no special abilities


You were on level 2 of the Dungeon.
You visited 1 branch of the dungeon, and saw 2 of its levels.

You collected 24 gold pieces.

Inventory:

Missiles
 c - 3 throwing nets
 d - a javelin
 n - 9 stones (quivered)
Armour
 a - a +0 leather armour (worn)
 b - a +0 helmet (worn)
 f - a +0 buckler (worn)
 i - a +0 ring mail
Jewellery
 k - an amulet of guardian spirit
Scrolls
 h - a scroll of butterflies {unknown}
 j - a scroll of torment {unknown}
 m - a scroll of vulnerability {unknown}
 o - a scroll of silence {unknown}
Potions
 e - 2 potions of magic {unknown}
 g - a potion of curing {unknown}
 l - a potion of mutation {unknown}


   Skills:
 + Level 2.3 Fighting
 + Level 1.9 Throwing
 + Level 1.4 Armour
 + Level 3.0 Dodging
 + Level 4.1 Unarmed Combat


You had 2 spell levels left.
You didn't know any spells.
Your spell library contained the following spells:

 Spells                   Type           Power      Damage    Failure   Level
 Ignite Poison            Fire/Tmut/Pois 0%         N/A       96%         3
 Sticky Flame             Conj/Fire      0%         2d3       100%        4
 Ignition                 Fire           0%         3d3       100%        8


Dungeon Overview and Level Annotations

Branches:
Dungeon (2/15)

Altars:


Innate Abilities, Weirdness & Mutations

You are immune to poison.
You have sharp fingernails.
Your flesh is cold resistant. (rC+)
You are immune to negative energy. (rN+++)
You do not regenerate when monsters are visible.
You are immune to unholy pain and torment.
You thrive by killing the living.


Message History

The jackal bites you but does no damage.
You barely miss the jackal.
The jackal is severely wounded.
You hear a zap.
You hear a grinding noise.
The jackal closely misses you.
You barely miss the jackal.
The jackal is severely wounded.
The jackal bites you but does no damage.
You barely miss the jackal.
The jackal is severely wounded.
The jackal closely misses you.
You scratch the jackal.
The jackal is almost dead.
The jackal closely misses you. The jackal barely misses you.
You miss the jackal.
The jackal is severely wounded.
The jackal barely misses you.
You closely miss the jackal.
The jackal is severely wounded.
The jackal bites you but does no damage.
You closely miss the jackal.
The jackal is severely wounded.
The jackal misses you. You block the jackal's attack.
You scratch the jackal.
You kill the jackal!
You claw the adder!
The adder is severely wounded.
The adder bites you but does no damage.
You closely miss the adder.
The adder is severely wounded.
You block the adder's attack. The adder bites you.
* * * LOW HITPOINT WARNING * * *
You scratch the adder.
The adder is severely wounded.
The adder bites you.
* * * LOW HITPOINT WARNING * * *
You closely miss the adder.
The adder is severely wounded.
The adder bites you.
You die...

.. .. ##...
##.###.########.##.
....#..#.......##. #
#.#.##.#.#####.##.
#.####.#.##.#.# #.##.
.........#.#.#####.##.
......................
..<.#.#.########.#..#.
#.##.###@.......###.#).#.
#.....hS##.............#.
....###h#######.#........
. #.. #.#.#.#.... #.#.
#.#.#.#####
#.##.####.#...).... #.#
....#.#........ #.#
###......†..### #..
...............


You could see an adder and 2 jackals.

Vanquished Creatures
  Natasha (D:2)
  4 endoplasms (D:1)
  A giant cockroach (D:1)
  A goblin (D:1)
  2 hobgoblins (D:1)
  A jackal (D:2)
  2 ball pythons (D:1)
  3 bats
  5 kobolds
  2 rats (D:1)
22 creatures vanquished.

Notes
Turn   | Place    | Note
-------+----------+-------------------------------------------
     0 | D:1      | monsoonserge the Ghoul Gladiator began the quest for the
                  | Orb.
     0 | D:1      | Reached XP level 1. HP: 17/17 MP: 0/0
   197 | D:1      | Reached XP level 2. HP: 24/24 MP: 1/1
  1041 | D:2      | Noticed Natasha
  1053 | D:2      | Killed Natasha
  1054 | D:2      | Reached skill level 1 in Armour
  1054 | D:2      | Reached skill level 4 in Unarmed Combat
  1054 | D:2      | Reached XP level 3. HP: 7/30 MP: 2/2
  1068 | D:2      | Slain by an adder

Illustrated notes

Levels and vault maps discovered:
D:1:      sevenhm_arrival_forest_fort_large_2, layout_basic,
          minmay_misc_feat_square
D:2:      layout_basic, uniq_natasha

Skill      XL: |  1  2 |
---------------+-------+-----
Dodging        | 3 |  3.0
Armour         | 1 |  1.4
Unarmed Combat | 4 |  4.1
Fighting       | |  2.3
Throwing       | |  1.9

Action                     || total
---------------------------++-------
  Melee: Unarmed           ||    65
         Punch             ||     1
 Armour: Leather armour    ||    20
  Dodge: Dodged            ||    40
  Block: Buckler           ||     7
